 Dungeon Crawl Stone Soup version 0.22-a0-433-gd2a9cce (webtiles) character file.

1069 Kairos the Cleaver (level 8, -10/70 HPs)
             Began as a Hill Orc Monk on May 28, 2018.
             Killed by nerve-wracking pain
             ... invoked by an orc priest
              (14 damage)
             ... on level 5 of the Dungeon.
             The game lasted 00:09:21 (5808 turns).

Kairos the Cleaver (Hill Orc Monk)                  Turns: 5808, Time: 00:09:22

Health: -10/70     AC: 11    Str: 16    XL:     8   Next: 28%
Magic:  2/2        EV: 11    Int: 12    God:
Gold:   162        SH:  0    Dex: 13    Spells: 7/7 levels left

rFire    + . .     SeeInvis .   y - +1 trident of Pucigg {antimagic, rC+ MR- Int+2} (curse)
rCold    + . .     Gourm    .   (no shield)
rNeg     . . .     Faith    .   f - +0 scale mail {rF+}
rPois    .         Spirit   .   l - +2 helmet
rElec    .         Reflect  .   n - +0 cloak
rCorr    .         Harm     .   (no gloves)
MR       .....                  (no boots)
Stlth    ..........             (no amulet)
HPRegen  0.21/turn              (no ring)
MPRegen  0.08/turn              (no ring)

@: no status effects
A: no striking features
a: Convert to Beogh


You were on level 5 of the Dungeon.
You were not hungry.

You visited 1 branch of the dungeon, and saw 5 of its levels.

You collected 162 gold pieces.

Inventory:

Hand Weapons
 a - a +0 hand axe
 m - a +2 trident of venom
 s - a -1 war axe
 y - the cursed +1 trident of Pucigg (weapon) {antimagic, rC+ MR- Int+2}
   (You found it on level 5 of the Dungeon)

   It reduces the magical energy of the wielder, and disrupts the spells and
   magical abilities of those hit.
   Natural abilities and divine invocations are not affected.
   It affects your intelligence (+2).
   It protects you from cold.
   It affects your resistance to hostile enchantments.
   It has a curse placed upon it.
Armour
 b - a +0 robe
 f - a +0 scale mail of fire resistance (worn)
 l - a +2 helmet (worn)
 n - a +0 cloak (worn)
Jewellery
 w - an uncursed amulet of faith {unknown}
Scrolls
 d - 2 scrolls of remove curse
 g - 4 scrolls of identify {unknown}
 j - 2 scrolls of immolation {unknown}
 k - 2 scrolls of teleportation {unknown}
 q - a scroll of random uselessness {unknown}
 u - 2 scrolls of fear {unknown}
Potions
 e - a potion of ambrosia {unknown}
 h - a potion of agility
 i - 3 potions of curing
 o - a potion of mutation {unknown}
 p - 3 potions of heal wounds
 r - a potion of cancellation {unknown}
 t - 2 potions of magic {unknown}
 v - a potion of resistance {unknown}
Comestibles
 c - 4 rations


   Skills:
 + Level 5.8 Fighting
 + Level 8.8(8.9) Axes
 + Level 0.1(4.5) Polearms
 + Level 4.7 Armour
 + Level 4.0 Dodging
 + Level 1.8 Stealth


You had 7 spell levels left.
You didn't know any spells.
Your spell library was empty.

Dungeon Overview and Level Annotations

Branches:
Dungeon (5/15)
 Temple: D:4-7

Altars:
Cheibriados
Gozag
Hepliaklqana
Makhleb
Qazlal
Uskayaw
Vehumet

Shops:
D:4 :%}=


Message History

An orc comes into view. It is wielding a hand axe.
You barely miss the ogre.
The ogre is lightly wounded.
The ogre closely misses you.
The orc priest casts a cantrip, but nothing happens.
You closely miss the ogre.
The ogre is lightly wounded.
The ogre hits you with a giant spiked club!!
* * * LOW HITPOINT WARNING * * *
You closely miss the orc priest. The orc priest closely misses you.
The orc priest shouts, "Surrender to Beogh and we'll let you live!"
The orc priest barely misses you.
The orc priest calls down the wrath of Beogh upon you.
Beogh smites you!
* * * LOW HITPOINT WARNING * * *
You barely miss the orc priest.
The orc priest invokes the aid of Beogh against you.
Pain shoots through your body!
You die...

#.........###.#.#.##..#
#.............#.####†.#
#.........#.#.#.#.....#
###...#.##.#.###......#.######
#.......##....#...#.........<..
................#..............
.....>....####.................
.##...###.####.##.#.########.##
.##...........oo@.#.# #
.##...........O####.#
.##.#####.####.# #.# .##.#
###.####o####.# .##.#
#...o...)..##.# .##.#
#.#.##......... .##.#
...#.#.#### ....# ###...#.#
..### #.###.#


You could see an ogre and 2 orc priests.

Vanquished Creatures
  Grinder (D:2)
  The ghost of TheNamelessOne the Firebug, an amateur TeFE (D:3)
  A big kobold (D:5)
  A bullfrog (D:2)
  2 hounds (D:5)
  4 orc wizards
  2 orc priests (D:4)
  Ijyb (D:2)
  A bullfrog skeleton (D:5)
  3 worker ants
  Robin (D:2)
  4 adders
  4 gnolls (D:3)
  A howler monkey skeleton (D:4)
  A shadow imp (D:5)
  2 oozes (D:1)
  A worm (D:2)
  3 leopard geckos
  13 orcs
  3 ball pythons (D:2)
  2 giant cockroaches
  15 goblins
  12 hobgoblins
  10 jackals
  24 kobolds
  3 quokkas
  4 bats
  2 frilled lizards (D:2)
  A quokka skeleton (D:4)
  9 rats
132 creatures vanquished.

Notes
Turn   | Place    | Note
-------+----------+-------------------------------------------
     0 | D:1      | Kairos the Hill Orc Monk began the quest for the Orb.
     0 | D:1      | Reached XP level 1. HP: 19/19 MP: 1/1
    33 | D:1      | Reached XP level 2. HP: 27/27 MP: 2/2
   424 | D:1      | Reached XP level 3. HP: 32/33 MP: 3/3
   664 | D:2      | Noticed Robin
   675 | D:2      | Killed Robin
   675 | D:2      | Reached skill level 5 in Axes
   734 | D:2      | Reached XP level 4. HP: 28/40 MP: 4/4
  1005 | D:2      | Found a faded altar of an unknown god.
  1005 | D:2      | Found a burning altar of Makhleb.
  1020 | D:2      | Found a radiant altar of Vehumet.
  1022 | D:2      | Found a snail-covered altar of Cheibriados.
  1023 | D:2      | Found a hide-covered altar of Uskayaw.
  1320 | D:3      | Found a stormy altar of Qazlal.
  1332 | D:3      | Noticed TheNamelessOne's ghost (amateur TeFE)
  1388 | D:3      | Killed TheNamelessOne's ghost
  1388 | D:3      | Reached skill level 6 in Axes
  1388 | D:3      | Reached XP level 5. HP: 12/47 MP: 5/5
  1388 | D:3      | Reached XP level 6. HP: 14/53 MP: 6/6
  2408 | D:3      | Reached skill level 7 in Axes
  2494 | D:3      | Noticed Ijyb
  2495 | D:3      | Noticed Grinder
  2873 | D:2      | Paralysed by Ijyb for 2 turns
  2890 | D:2      | Paralysed by Ijyb for 7 turns
  2916 | D:2      | Killed Ijyb
  2916 | D:2      | Reached XP level 7. HP: 60/60 MP: 7/7
  2922 | D:3      | Paralysed by Grinder for 5 turns
  2932 | D:3      | Paralysed by Grinder for 2 turns
  2950 | D:3      | Paralysed by Grinder for 6 turns
  3234 | D:3      | Paralysed by Grinder for 6 turns
  3260 | D:2      | Paralysed by Grinder for 4 turns
  3279 | D:2      | Killed Grinder
  3279 | D:2      | Reached skill level 5 in Fighting
  4319 | D:4      | Reached skill level 8 in Axes
  4697 | D:4      | Found Direymm's Book Shoppe.
  4736 | D:4      | Found Posarir's Food Shop.
  4762 | D:4      | Found Omuasic's Jewellery Emporium.
  4807 | D:4      | Reached XP level 8. HP: 60/69 MP: 8/8
  4854 | D:4      | Found Nyvamm's Gadget Boutique.
  5142 | D:4      | Found an opulent altar of Gozag.
  5147 | D:4      | Found a hazy altar of Hepliaklqana.
  5216 | D:5      | Entered Level 5 of the Dungeon
  5642 | D:5      | Got a steaming trident
  5643 | D:5      | Identified the cursed +1 trident of Pucigg {antimagic, rC+ MR- Int+2} (You found it on level 5 of the Dungeon)
  5807 | D:5      | HP: 3/70 [orc priest/divine providence (13)]
  5808 | D:5      | Killed from afar by an orc priest

Vault maps used:
D:1:      minmay_arrival_cross
D:2:      chequers_temple_overflow_minitemple, first_ration, uniq_robin
D:3:      grunt_qazlal_sundering, uniq_ijyb, uniq_grinder
D:4:      minitemple, serial_shops, kennysheep_little_box, shop, shop_fountains,
          nicolae_shop_trees
D:5:      kennysheep_kobold_camp, kennysheep_donut

Skill      XL: |  1  2  3  4  5  6  7  8 |
---------------+-------------------------+-----
Fighting       | 4 5 |  5.8
Axes           | 5 6 7 8 |  8.8
Dodging        | 3 4 |  4.0
Armour         | 2 3 4 |  4.7
Polearms       | |  0.1
Stealth        | |  1.8

Action                   |  1- 3 |  4- 6 |  7- 9 || total
-------------------------+-------+-------+-------++-------
Melee: Hand axe          |   104 |   250 |   190 ||   544
       War axe           |       |       |    34 ||    34
       Trident           |       |       |    30 ||    30
  Use: Potion            |       |       |     2 ||     2
       Scroll            |       |       |     2 ||     2
  Eat: Chunk             |       |     6 |     7 ||    13
       Ration            |       |       |     1 ||     1
Armor: Robe              |     4 |       |       ||     4
       Scale mail        |    34 |   123 |   130 ||   287
Dodge: Dodged            |    47 |   132 |   147 ||   326

Table legend:
 A = Spawn XP
 B = Non-spawn XP
 C = Spawn XP percentage of total XP
 D = Spawn monster count
 E = Non-spawn monster count
 F = Spawn count percentage of total count
 G = Total turns spent on level
                    A         B        C        D         E        F      G
               +---------+---------+-------+---------+---------+-------+---------
         Total |       0 |    1528 |   0.0 |       0 |     132 |   0.0 |  5808
               +---------+---------+-------+---------+---------+-------+---------
           D:1 |       0 |      37 |   0.0 |       0 |      15 |   0.0 |   583
           D:2 |       0 |     578 |   0.0 |       0 |      48 |   0.0 |  2532
           D:3 |       0 |     350 |   0.0 |       0 |      21 |   0.0 |  1168
           D:4 |       0 |     298 |   0.0 |       0 |      22 |   0.0 |   933
           D:5 |       0 |     265 |   0.0 |       0 |      26 |   0.0 |   592
               +---------+---------+-------+---------+---------+-------+---------
